 Dungeon Crawl Stone Soup version 0.24.0-35-gdb84b6a5db (webtiles) character file.

Game seed: 10903281287063027130, levelgen mode: deterministic

50 Curus the Chopper (level 3, 0/31 HPs)
             Began as a Hill Orc Abyssal Knight on Nov 17, 2019.
             Was a Believer of Lugonu.
             Slain by a kobold
             ... wielding a +0 short sword
              (2 damage)
             ... on level 2 of the Dungeon.
             The game lasted 00:06:04 (1014 turns).

Curus the Chopper (Hill Orc Abyssal Knight)         Turns: 1014, Time: 00:06:04

Health: 0/31       AC:  5    Str: 14    XL:     3   Next: 79%
Magic:  5/6        EV:  6    Int: 12    God:    Lugonu [**....]
Gold:   94         SH:  0    Dex: 11    Spells: 2/2 levels left

rFire    . . .     SeeInvis .   a - +1 hand axe
rCold    + . .     Gourm    .   (no shield)
rNeg     . . .     Faith    .   g - +1 chain mail
rPois    .         Spirit   .   (no helmet)
rElec    .         Reflect  .   (no cloak)
rCorr    .         Harm     .   (no gloves)
MR       .....                  (no boots)
Stlth    ..........             (no amulet)
HPRegen  0.10/turn              (no ring)
MPRegen  0.10/turn              (no ring)

@: no status effects
A: claws 1, talons 1, cold resistance 1, deformed body
a: Depart the Abyss, Bend Space, Renounce Religion


You were on level 2 of the Dungeon.
You worshipped Lugonu.
Lugonu was pleased with you.
You were not hungry.

You visited 1 branch of the dungeon, and saw 2 of its levels.
You visited the Abyss 1 time.

You collected 94 gold pieces.

Inventory:

Hand Weapons
 a - a +1 hand axe (weapon)
Armour
 b - a +0 leather armour
 g - a +1 chain mail (worn)
Scrolls
 e - a scroll of identify
 f - a scroll of fear
 h - a scroll of fog
 i - a scroll of remove curse
Potions
 d - a potion of degeneration
Comestibles
 c - 3 rations


   Skills:
 - Level 3.6 Fighting
 + Level 4.2 Axes
 - Level 2.1 Armour
 - Level 0.7 Dodging
 + Level 4.0 Invocations


You had 2 spell levels left.
You didn't know any spells.
Your spell library was empty.

Dungeon Overview and Level Annotations

Branches:
Dungeon (2/15)

Altars:


Innate Abilities, Weirdness & Mutations

You have sharp fingernails.
You have sharp toenails.
Your flesh is cold resistant. (rC+)
Armour fits poorly on your strangely shaped body.


Message History

The adder bites you but does no damage.
You closely miss the adder. Your kick misses the adder.
The adder is almost dead.
The adder bites you. The adder barely misses you.
You hit the adder.
You kill the adder!
Lugonu accepts your kill.
Your Invocations skill increases to level 4!
The kobold throws a stone.
The stone hits you but does no damage. The kobold completely misses you.
Your chain mail prevents you from hitting the kobold.
You claw the kobold, but do no damage.
The kobold hits you with a +0 short sword.
* * * LOW HITPOINT WARNING * * *
You hit the kobold.
The kobold is severely wounded.
The kobold hits you with a +0 short sword.
* * * LOW HITPOINT WARNING * * *
The kobold hits you with a +0 short sword.
You die...

#.# #.# #.# ... #.#
# #.# .#
#####.#####.###....
.......K@.†........
......#####.###....
##### #...# #
.......#.#
######.#.# #.#.#
#.#.# #.#.# #.#.#


You could see a kobold.

Vanquished Creatures
  2 adders (D:2)
  A dart slug (D:1)
  A leopard gecko (D:1)
  3 giant cockroaches
  3 goblins (D:1)
  6 hobgoblins
  A kobold (D:1)
  3 bats (D:1)
  3 frilled lizards
  5 rats
28 creatures vanquished.

Notes
Turn   | Place    | Note
-------+----------+-------------------------------------------
     0 | Abyss:1  | Curus the Hill Orc Abyssal Knight began the quest for the
                  | Orb.
     0 | Abyss:1  | Reached XP level 1. HP: 19/19 MP: 2/2
    14 | D:1      | Escaped the Abyss
   143 | D:1      | Reached XP level 2. HP: 18/26 MP: 2/4
   191 | D:1      | Gained mutation: You have sharp toenails. [potion of
                  | mutation]
   191 | D:1      | Gained mutation: You have sharp fingernails. [potion of
                  | mutation]
   191 | D:1      | Gained mutation: Armour fits poorly on your strangely
                  | shaped body. [potion of mutation]
   191 | D:1      | Gained mutation: Your flesh is cold resistant. (rC+)
                  | [potion of mutation]
   263 | D:1      | Reached ** piety under Lugonu
   714 | D:1      | Reached XP level 3. HP: 27/31 MP: 5/5
  1014 | D:2      | Slain by a kobold

Levels and vault maps discovered:
D:1:      scummos_arrival_simple_fountains, layout_basic, serial_bayou_ford_a
D:2:      layout_basic, fedhas_altar_2, first_ration, grunt_dithmenos_smoke

Skill      XL: |  1  2  3 |
---------------+----------+-----
Axes           | 3 4 |  4.2
Invocations    | 3 4 |  4.0
Fighting       | |  3.6
Armour         | |  2.1
Dodging        | |  0.7

Action                   || total
-------------------------++-------
Melee: Hand axe          ||    82
       Kick              ||     8
  Use: Scroll            ||     6
       Potion            ||     4
Armor: Chain mail        ||    44
       Leather armour    ||     1
Dodge: Dodged            ||    32
